 Dungeon Crawl Stone Soup version 0.26.1-11-gd32895ea62 (webtiles) character file.

Game seed: 207073503094937120

167 Tocho the Bolt Thrower (level 5, 0/32 HPs)
             Began as a Kobold Hunter on May 30, 2021.
             Slain by an orc
             ... wielding a +0 club
              (2 damage)
             ... on level 4 of the Dungeon.
             The game lasted 00:07:11 (2951 turns).

Tocho the Bolt Thrower (Kobold Hunter)              Turns: 2951, Time: 00:07:11

Health: 0/32       AC:  4    Str:  9    XL:     5   Next: 76%
Magic:  5/5        EV: 15    Int: 12    God:
Gold:   94         SH:  0    Dex: 17    Spells: 4/4 levels left

rFire    . . .     SeeInvis .   a - +1 hand crossbow
rCold    . . .     Faith    .   (shield restricted)
rNeg     . . .     Spirit   .   c - +1 leather armour
rPois    .         Reflect  .   (no helmet)
rElec    .         Harm     .   (no cloak)
rCorr    .         Rampage  .   (no gloves)
Will     .....                  (no boots)
Stlth    +++.......             (no amulet)
HPRegen  0.10/turn              (no ring)
MPRegen  0.09/turn              (no ring)

@: lethally poisoned (0 -> -11)
A: small, nightstalker 3
a: no special abilities


You were on level 4 of the Dungeon.
You visited 1 branch of the dungeon, and saw 4 of its levels.

You collected 94 gold pieces.

Inventory:

Hand Weapons
 a - a +1 hand crossbow (weapon)
 b - a +0 short sword
Missiles
 d - 34 bolts (quivered ammo)
 e - 5 atropa-tipped darts
 k - 18 poisoned darts
Armour
 c - a +1 leather armour (worn)
 n - a cursed +0 leather armour
Scrolls
 h - a scroll of remove curse
 j - a scroll of teleportation
Potions
 f - a potion of ambrosia


   Skills:
 + Level 2.8 Fighting
 + Level 2.0 Short Blades
 + Level 6.3 Crossbows
 + Level 1.5 Armour
 + Level 2.9 Dodging
 + Level 2.5 Stealth


You had 4 spell levels left.
You didn't know any spells.
Your spell library was empty.

Dungeon Overview and Level Annotations

Branches:
Dungeon (3/15)

Altars:
Hepliaklqana
Qazlal
Xom


Innate Abilities, Weirdness & Mutations

You are small and have problems with some larger weapons.
You are completely attuned to the shadows.


Message History

Fire: 37 bolts
Press: ? - help, Q - select action, (/) - cycle Shift-Dir - straight line, f - orc
Aim: an orc, wielding a +0 club (68% to hit)
You shoot a bolt. The bolt hits the orc.
The orc is severely wounded.
* * * LOW HITPOINT WARNING * * *
You feel sick. The orc misses you.
Fire: 36 bolts
Press: ? - help, Q - select action, (/) - cycle Shift-Dir - straight line, f/p - orc
Aim: an orc, wielding a +0 club (severely wounded, 68% to hit)
You shoot a bolt. The bolt barely misses the orc.
* * * LOW HITPOINT WARNING * * *
You feel sick. The orc barely misses you.
Fire: 35 bolts
Press: ? - help, Q - select action, (/) - cycle Shift-Dir - straight line, f/p - orc
Aim: an orc, wielding a +0 club (severely wounded, 68% to hit)
You shoot a bolt. The bolt closely misses the orc.
* * * LOW HITPOINT WARNING * * *
You feel sick. The orc hits you with a +0 club.
You die...

####.###
<...[.
####.>#####.
.........[..
####.######.
#.##... .
#.##.## (#
#†#...###(..
#...#..@o#
#.#...##(#
#.##.## .#
#.##.# .#
#.##.. ..


You could see an orc.

Vanquished Creatures
  An orc priest (D:4)
  An orc wizard (D:4)
  4 adders
  4 dart slugs
  A leopard gecko (D:1)
  4 orcs (D:4)
  A ball python (D:1)
  7 hobgoblins
  6 jackals
  3 quokkas
  10 bats
  4 frilled lizards
  6 goblins (D:1)
  7 kobolds
  6 rats
65 creatures vanquished.

Notes
Turn   | Place    | Note
-------+----------+-------------------------------------------
     0 | D:1      | Tocho the Kobold Hunter began the quest for the Orb.
     0 | D:1      | Reached XP level 1. HP: 12/12 MP: 1/1
    79 | D:1      | Reached skill level 5 in Crossbows
   163 | D:1      | Reached XP level 2. HP: 18/18 MP: 2/2
   348 | D:1      | Reached XP level 3. HP: 17/22 MP: 3/3
   653 | D:1      | Reached skill level 1 in Short Blades
  1359 | D:2      | Reached XP level 4. HP: 27/27 MP: 4/4
  1476 | D:2      | Found a stormy altar of Qazlal.
  2307 | D:3      | Found a hazy altar of Hepliaklqana.
  2308 | D:3      | Found a shimmering altar of Xom.
  2310 | D:3      | Noticed a spectral ugly thing
  2486 | D:3      | Reached skill level 6 in Crossbows
  2496 | D:3      | Reached skill level 1 in Armour
  2897 | D:3      | You fall into a shaft and drop 1 floor!
  2920 | D:4      | Reached XP level 5. HP: 31/31 MP: 5/5
  2951 | D:4      | Slain by an orc

Illustrated notes

Levels and vault maps discovered:
D:1:      dpeg_arrival_long_road, layout_loops_ring, kennysheep_pointless_box,
          amcnicky_mini_pool_small
D:2:      layout_rooms, old_standard_altar
D:3:      layout_basic, regret_index_temple_of_mockery
D:4:      layout_loops_ring, fedhas_altar_4

Skill      XL: |  1  2  3  4  5 |
---------------+----------------+-----
Crossbows      | 5 6 |  6.3
Short Blades   | 1 2 |  2.0
Stealth        | 2 |  2.5
Armour         | 1 |  1.5
Fighting       | |  2.8
Dodging        | |  2.9

Action                   |  1- 3 |  4- 6 || total
-------------------------+-------+-------++-------
Melee: Short sword       |    71 |    48 ||   119
 Fire: Hand crossbow     |    42 |    48 ||    90
  Use: Scroll            |     2 |     3 ||     5
       Potion            |       |     4 ||     4
 Stab: Sleeping          |     5 |       ||     5
Armor: Leather armour    |    16 |    14 ||    30
Dodge: Dodged            |    71 |    73 ||   144
